 Dungeon Crawl Stone Soup version 0.26-b1-32-g5d43845318 (webtiles) character file.

Game seed: 14954020498627220166

402516 EnegeticOcto the Slayer (level 21, -1/194 HPs)
             Began as a Minotaur Fighter on Jan 8, 2021.
             Was the Champion of Makhleb.
             Slain by an Orb Guardian (40 damage)
             ... on level 5 of the Realm of Zot.
             The game lasted 00:24:27 (24554 turns).

EnegeticOcto the Slayer (Minotaur Fighter)         Turns: 24554, Time: 00:24:27

Health: -1/194     AC: 30    Str: 28    XL:     21   Next: 99%
Magic:  29/29      EV:  8    Int:  5    God:    Makhleb [******]
Gold:   887        SH:  0    Dex: 13    Spells: 20/20 levels left

rFire    + . .     SeeInvis .   P - +8 war axe (vamp)
rCold    + . .     Faith    .   C - +2 tower shield {rC+}
rNeg     . . .     Spirit   .   M - +6 chain mail "Muin" {+Blink rPois Will++}
rPois    +         Reflect  .   t - +2 hat
rElec    .         Harm     .   l - +2 cloak
rCorr    .         Rampage  .   q - +2 pair of gloves
Will     +++..                  X - +2 pair of boots
Stlth    ..........             h - amulet of regeneration
HPRegen  0.82/turn              e - ring of poison resistance
MPRegen  0.21/turn              K - ring of protection from fire

@: mighty, contaminated, held, hasted, glowing, very quick
A: retaliatory headbutt, horns 2, deformed body, frail 1
}: 3/15 runes: barnacled, silver, gossamer
a: Renounce Religion, Evoke Blink, Minor Destruction, Lesser Servant of Makhleb,
Major Destruction, Greater Servant of Makhleb


You were on level 5 of the Realm of Zot.
You worshipped Makhleb.
Makhleb was exalted by your worship.
You visited 7 branches of the dungeon, and saw 41 of its levels.
You visited 2 bazaars.
You also visited: Ice Cave.

You collected 2553 gold pieces.
You spent 1666 gold pieces at shops.

Inventory:

Hand Weapons
 a - a +1 war axe
 P - a +8 vampiric war axe (weapon)
 Q - a +1 antimagic war axe
Missiles
 y - 6 throwing nets (quivered)
Armour
 l - a +2 cloak (worn)
 q - a +2 pair of gloves (worn)
 t - a +2 hat (worn)
 x - the +1 hat of Tacomargh {Harm Str+3 Slay+4}
   (You found it on level 4 of the Dungeon)

   It affects your strength (+3).
   It affects your accuracy and damage with ranged weapons and melee attacks
   (+4).
   It increases damage dealt and taken.
 C - a +2 tower shield of cold resistance (worn)
 M - the +6 chain mail "Muin" (worn) {+Blink rPois Will++}
   (You bought it in a shop on level 7 of the Dungeon)

   It protects you from poison.
   It affects your willpower, your defense against some magical effects.
   It lets you blink.
 X - a +2 pair of boots (worn)
Jewellery
 b - a +4 ring of evasion
 e - a ring of poison resistance (left hand)
 h - an amulet of regeneration (around neck)
 K - a ring of protection from fire (right hand)
 W - an uncursed ring of protection from cold
Wands
 c - a wand of disintegration (13)
 i - a wand of iceblast (51) {@v2}
 B - a wand of polymorph (13)
 D - a wand of paralysis (16)
 L - a wand of acid (40) {@v1}
 N - a wand of digging (5) {@v3}
 Z - a wand of enslavement (10)
Scrolls
 f - 13 scrolls of remove curse {@r2}
 g - a scroll of enchant armour
 j - 16 scrolls of teleportation {@r3}
 r - 3 scrolls of fog
 F - 4 scrolls of vulnerability
 H - a scroll of identify {@r1}
 R - 3 scrolls of summoning
 S - 3 scrolls of immolation
 T - 2 scrolls of fear
 U - 2 scrolls of brand weapon
Potions
 k - 4 potions of berserk rage
 m - 2 potions of heal wounds {@q2}
 n - 4 potions of cancellation
 p - 2 potions of magic
 s - 6 potions of brilliance
 u - a potion of lignification
 v - 4 potions of mutation
 w - 12 potions of curing {@q1}
 z - a potion of degeneration
 A - 2 potions of invisibility
 E - 2 potions of attraction
 G - 5 potions of haste {@q4}
 Y - a potion of ambrosia
Miscellaneous
 J - a phantom mirror
 V - a condenser vane


   Skills:
 + Level 24.9 Fighting
 - Level 17.6 Axes
 - Level 19.6 Armour
 - Level 14.5 Dodging
 - Level 19.6 Shields
 - Level 12.0 Invocations


You had 20 spell levels left.
You didn't know any spells.
Your spell library was empty.

Dungeon Overview and Level Annotations

Branches:
Dungeon (15/15)            Temple (0/1) D:4            Lair (3/6) D:8
 Shoals (4/4) Lair:2       Spider (4/4) Lair:2          Orc (0/2) D:11
 Vaults (5/5) D:14         Depths (5/5) D:15            Zot (5/5) Depths:5
  IceCv (visited)
  Crypt: Vaults:2-3

Altars:
Dithmenos
Elyvilon
Fedhas
Gozag
Makhleb
Nemelex Xobeh
Okawaru
Ru
Trog
Yredelemnul
Zin
Jiyva

Shops:
D:7 *:((   Shoals:2 **   Vaults:5 !   Depths:2 =(**

Portals:
Hell: Depths:4 Depths:5
Abyss: Depths:5

Annotations:
D:11 3 runed translucent doors
Shoals:2 exclusion: downstairs, Roxanne
Zot:5 1 exclusion


Innate Abilities, Weirdness & Mutations

You reflexively headbutt those who attack you in melee.
You have a pair of horns on your head.
Armour fits poorly on your strangely shaped body.
You are frail. (-10% HP)


Message History

You feel better.
The komodo dragon disappears in a puff of smoke!
You slice the red draconian!! You hit the purple draconian.
You hit the black draconian.
You feel better.
You block the eldritch tentacle's attack. x2
The black draconian hits you but does no damage.
You block the red draconian's attack.
You completely miss the purple draconian.
Your headbutt misses the purple draconian.
The purple draconian is severely wounded.
You slash the red draconian!
You feel better.
You hit the eldritch tentacle. You hit the black draconian.
You feel better.
You block the purple draconian's attack.
An Orb Guardian comes into view.
The eldritch tentacle slaps you but does no damage.
The eldritch tentacle claws you but does no damage.
You block the black draconian's attack.
You hit the purple draconian but do no damage.
The purple draconian is severely wounded.
You slash the red draconian!
You feel better.
You slash the eldritch tentacle! You barely miss the black draconian.
You block the red draconian's attack.
You block the eldritch tentacle's attack.
The eldritch tentacle claws you!! The eldritch tentacle freezes you!
You resist. The purple draconian barely misses you.
You are too injured to fight recklessly!
You are too injured to fight recklessly!
You closely miss the purple draconian.
The purple draconian is severely wounded.
You barely miss the black draconian. You slash the eldritch tentacle!
You closely miss the red draconian. You block the black draconian's attack.
You block the red draconian's attack. The eldritch tentacle slaps you.
The eldritch tentacle shocks you!!
The eldritch tentacle claws you but does no damage.
You feel very mighty all of a sudden.
The moth of wrath goads the purple draconian on!
The purple draconian goes berserk!
You block the black draconian's attack.
The purple draconian hits you with a +0 flail.
* * * LOW HITPOINT WARNING * * *
The eldritch tentacle slaps you!
* * * LOW HITPOINT WARNING * * *
The eldritch tentacle freezes you! You resist.
* * * LOW HITPOINT WARNING * * *
You block the eldritch tentacle's attack.
An Orb Guardian comes into view.
The red draconian misses you.
You slice the black draconian!!
You feel better.
The black draconian is heavily wounded.
You completely miss the eldritch tentacle.
You slice the red draconian!! You slash the purple draconian!
The moth of wrath goads the Orb Guardian on!
The Orb Guardian goes berserk!
The purple draconian hits you with a +0 flail.
* * * LOW HITPOINT WARNING * * *
You block the black draconian's attack. The eldritch tentacle slaps you.
* * * LOW HITPOINT WARNING * * *
You block the eldritch tentacle's attack.
You slash the black draconian!
The black draconian is heavily wounded.
You slice the eldritch tentacle!! You slice the red draconian!!
You slash the purple draconian!
You feel better.
The moth of wrath goads the black draconian on!
The black draconian goes berserk!
The red draconian breathes fire at you. The searing blast hits you! You resist.
* * * LOW HITPOINT WARNING * * *
You block the purple draconian's attack.
You block the black draconian's attack.
The eldritch tentacle closely misses you. x2
You closely miss the black draconian. You headbutt the black draconian!
The black draconian is severely wounded.
You slice the eldritch tentacle!! You completely miss the red draconian.
You slash the purple draconian!
You feel better.
You block the purple draconian's attack.
The black draconian hits you with a +0 short sword!
* * * LOW HITPOINT WARNING * * *
You block the red draconian's attack.
You block the eldritch tentacle's attack.
The eldritch tentacle claws you.
* * * LOW HITPOINT WARNING * * *
The eldritch tentacle freezes you! You resist.
* * * LOW HITPOINT WARNING * * *
Blink to where?
Press: ? - help, Dir - move target
As you read the scroll of blinking {@r4}, it crumbles to dust.
As you read the scroll of fog, it crumbles to dust.
The scroll dissolves into smoke.
You hear a loud "Zot"!
The power of Zot is invoked against you!
You are contaminated with residual magic.
You feel much better.
You hear a loud "Zot"!
You block the Orb Guardian's attack.
You feel yourself speed up. The Orb Guardian drops a net on you.
A large net falls onto you!
You become entangled in the net!
The Orb Guardian hits you but does no damage.
You hear a roar!
The Orb Guardian barely misses you.
The Orb Guardian hits you but does no damage.
You tear a large gash into the net.
The Orb Guardian hits you!!!
You die...

###....#####.....+....'...
#............#####....#...
#............# #....#...
#............# #....#...
###....####### ######...
#....# #... #.^..# #...
############## ######
.....§§@d§...# #.....
.....§§XX§§...## ##[...
.....§§§y§d....# #....
..........^...)☼# ##...
................# #...
.............w..# #...
................# #....
..............∩.# #....
.........# .....


You could see a purple draconian (berserk), 2 Orb Guardians and a moth of wrath.

Vanquished Creatures
  2 orbs of fire
  A Killer Klown (Zot:4)
  A curse toe (Zot:2)
  5 golden dragons
  A bone dragon (Depths:5)
  8 tentacled monstrosities
  6 Orb Guardians (Zot:5)
  7 titans (Vaults:5)
  3 quicksilver dragons
  A sphinx (Vaults:2)
  Polyphemus (Shoals:4)
  Gastronok (D:11)
  3 draconian monks
  5 shadow dragons (Vaults:5)
  A tengu reaver (Vaults:5)
  2 death cobs
  8 storm dragons
  A draconian scorcher (Zot:3)
  6 fire giants
  2 draconian knights (Zot:3)
  3 ghost moths (Spider:4)
  7 emperor scorpions
  2 deep elf sorcerers
  A draconian shifter (Zot:3)
  9 vault wardens
  A balrug (Depths:4)
  A draconian stormcaller (Zot:5)
  Aizul (Spider:1)
  2 deep elf elementalists (Vaults:5)
  An orc warlord (Vaults:5)
  5 draconian annihilators
  9 ironheart preservers
  13 stone giants
  2 very ugly things
  2 green draconians
  A yellow draconian (Depths:5)
  2 black draconians
  3 purple draconians
  A deep elf annihilator (Vaults:5)
  8 white draconians
  A dire elephant (D:15)
  5 red draconians
  An entropy weaver (Vaults:2)
  A spark wasp (Spider:4)
  10 ettins
  A blizzard demon (IceCv)
  3 fire dragons
  8 merfolk impalers
  A crystal guardian (Vaults:4)
  2 deep elf death magi (Vaults:3)
  6 yaktaur captains
  2 deep elf high priests (Vaults:5)
  2 great orbs of eyes
  Fannar (Lair:2)
  30 vault guards
  9 ogre magi
  4 boulder beetles
  7 ice dragons
  2 hydras
  Harold (D:9)
  The ghost of Raspi the Severer, a journeyman PaFi of Qazlal (Lair:2)
  A rakshasa (Vaults:1)
  A hell beast (Depths:5)
  4 centaur warriors
  A catoblepas (Shoals:4)
  An alligator snapping turtle (Shoals:4)
  4 merfolk avatars
  4 merfolk aquamancers
  25 two-headed ogres
  2 satyrs
  2 dancing weapons (Vaults:5)
  A deep troll earth mage (Depths:4)
  A queen ant (Lair:3)
  6 tengu warriors
  4 deep troll shamans
  2 death yaks (Shoals:4)
  Urug (D:11)
  7 hell knights (Depths:1)
  A spriggan berserker (Depths:5)
  A sun demon (Depths:5)
  3 shadow wraiths
  3 deep elf knights
  An iron troll (Depths:4)
  10 skeletal warriors
  A sea snake (shapeshifter) (Vaults:5)
  5 unseen horrors
  8 sea snakes
  15 deep trolls
  A death drake (shapeshifter) (Vaults:5)
  6 deep elf archers
  3 glowing orange brains
  10 ironbrand convokers
  9 orc knights
  2 wizards (Vaults:2)
  18 wolf spiders
  A flayed ghost (Vaults:5)
  A necromancer (Depths:1)
  3 phantasmal warriors (Vaults:5)
  22 harpies
  A mana viper (shapeshifter) (Vaults:5)
  10 deep elf magi
  28 ugly things
  A salamander (D:15)
  8 cyclopes
  14 orb spiders
  15 manticores
  15 fauns
  9 moths of wrath
  A moth of wrath (shapeshifter) (Vaults:5)
  A rust devil (Depths:5)
  2 merfolk sirens (Shoals:1)
  12 vault sentinels
  2 ice statues (IceCv)
  4 water nymphs
  3 torpor snails
  A gargoyle (D:12)
  A centaur skeleton (D:10)
  3 kobold demonologists (D:13)
  7 cane toads
  30 yaktaurs
  2 freezing wraiths
  A rime drake (Lair:1)
  4 hellwings (Depths:4)
  9 ice devils (IceCv)
  7 komodo dragons
  8 demonic crawlers
  A queen bee (shapeshifter) (Vaults:2)
  5 trolls
  4 red devils (Depths:4)
  A harpy zombie (D:15)
  An elf skeleton (Depths:5)
  2 polar bears
  A jumping spider (shapeshifter) (D:14)
  22 merfolk
  25 jumping spiders
  2 wind drakes
  A troll (shapeshifter) (D:15)
  22 slime creatures
  4 hornets
  9 blink frogs
  A blink frog (shapeshifter) (Vaults:1)
  7 snapping turtles
  Prince Ribbit (D:9)
  11 dream sheep
  Sigmund (D:3)
  63 redbacks
  16 tarantellas
  3 vampires
  A centaur simulacrum (D:14)
  2 wraiths
  4 shadows (D:14)
  8 water elementals
  28 yaks
  5 wyverns
  A basilisk (D:12)
  7 vampire mosquitoes
  9 water moccasins
  An acid dragon (Vaults:1)
  4 hell hounds (Depths:4)
  12 soldier ants (Lair:3)
  A water moccasin (shapeshifter) (Depths:4)
  3 ice beasts
  5 sky beasts
  13 orc warriors
  3 black bears
  2 necrophages (D:11)
  2 phantoms
  5 boggarts
  23 ogres
  17 centaurs
  17 bullfrogs
  7 big kobolds
  2 wyvern zombies
  A water moccasin zombie (D:12)
  A wyvern skeleton (D:13)
  27 killer bees
  9 howler monkeys
  11 wights
  3 electric eels
  2 crimson imps (Depths:4)
  2 bullfrog zombies
  2 quasits
  7 centaur zombies
  8 hounds
  5 orc priests
  5 jellies
  4 bullfrog skeletons
  Terence (D:2)
  4 iguanas
  35 worker ants
  18 orc wizards
  A hound zombie (D:7)
  2 hound skeletons (D:7)
  A worker ant zombie (D:5)
  2 howler monkey skeletons
  23 adders
  4 gnolls (D:9)
  2 river rats (D:6)
  6 shadow imps
  12 white imps
  5 ufetubi (IceCv)
  3 oozes
  3 adder zombies
  An adder skeleton (D:4)
  A dart slug (D:4)
  8 leopard geckos
  54 orcs
  7 giant cockroaches
  8 goblins
  7 hobgoblins
  27 kobolds
  5 quokkas
  2 ball pythons
  7 bats
  5 frilled lizards
  A giant cockroach zombie (D:6)
  A quokka skeleton (D:5)
  6 rats
1361 creatures vanquished.

Vanquished Creatures (collateral kills)
  2 orb spiders (Spider:4)
  A wolf spider (Spider:4)
  A jumping spider (Spider:4)
  A redback (Spider:4)
5 creatures vanquished.

Vanquished Creatures (others)
  2 adders (Lair:3)
  2 white imps (IceCv)
  An ufetubus (IceCv)
  2 orcs (D:11)
  4 fungi
  37 plants
48 creatures vanquished.

Grand Total: 1414 creatures vanquished

Notes
Turn   | Place    | Note
-------+----------+-------------------------------------------
     0 | D:1      | EnegeticOcto the Minotaur Fighter began the quest for the
                  | Orb.
     0 | D:1      | Reached XP level 1. HP: 19/19 MP: 0/0
   150 | D:1      | Reached XP level 2. HP: 22/27 MP: 1/1
   518 | D:1      | Reached skill level 4 in Fighting
   518 | D:1      | Reached XP level 3. HP: 33/33 MP: 2/2
   989 | D:2      | Noticed Terence
   994 | D:2      | Killed Terence
   995 | D:2      | Reached XP level 4. HP: 40/40 MP: 3/3
  1383 | D:3      | Noticed Sigmund
  1399 | D:3      | Killed Sigmund
  1400 | D:3      | Reached skill level 5 in Axes
  1400 | D:3      | Reached XP level 5. HP: 14/47 MP: 4/4
  1881 | D:3      | Reached XP level 6. HP: 54/55 MP: 5/5
  2040 | D:4      | Found a shadowy altar of Dithmenos.
  2043 | D:4      | Found a burning altar of Makhleb.
  2044 | D:4      | Found a sacrificial altar of Ru.
  2049 | D:4      | Reached skill level 5 in Fighting
  2049 | D:4      | Reached skill level 5 in Armour
  2049 | D:4      | Reached skill level 5 in Shields
  2094 | D:4      | Became a worshipper of Ru the Awakened
  2284 | D:4      | Found a staircase to the Ecumenical Temple.
  2301 | D:4      | Got a smouldering hat
  2306 | D:4      | Identified the +1 hat of Tacomargh {Harm Str+3 Slay+4} (You
                  | found it on level 4 of the Dungeon)
  2343 | D:4      | Fell from the grace of Ru
  2343 | D:4      | Became a worshipper of Makhleb the Destroyer
  2437 | D:4      | Reached XP level 7. HP: 61/61 MP: 6/6
  2827 | D:5      | Entered Level 5 of the Dungeon
  3211 | D:5      | Found a glowing silver altar of Zin.
  3516 | D:5      | Found a white marble altar of Elyvilon.
  3592 | D:6      | Found a bloodstained altar of Trog.
  3656 | D:6      | Reached skill level 6 in Fighting
  3664 | D:6      | Reached XP level 8. HP: 50/70 MP: 7/7
  4050 | D:6      | Reached * piety under Makhleb
  4134 | D:6      | Reached skill level 7 in Fighting
  4729 | D:7      | Reached XP level 9. HP: 70/79 MP: 8/8
  4743 | D:7      | Found an iron altar of Okawaru.
  4793 | D:7      | Reached ** piety under Makhleb
  4837 | D:7      | Found Selumath's General Store.
  4859 | D:7      | Found a basalt altar of Yredelemnul.
  4970 | D:7      | Reached skill level 10 in Axes
  4990 | D:7      | Found Uprur's Book Emporium.
  4992 | D:7      | Found Litifuis's Weapon Boutique.
  5219 | D:7      | Reached skill level 8 in Fighting
  5264 | D:7      | Found Ehim's Weapon Emporium.
  5724 | D:8      | Noticed a two-headed ogre
  5729 | D:8      | Killed a two-headed ogre
  5849 | D:8      | Reached XP level 10. HP: 90/90 MP: 9/9
  5875 | D:8      | Found an opulent altar of Gozag.
  6180 | D:8      | Found a staircase to the Lair.
  6463 | D:9      | Reached *** piety under Makhleb
  6464 | D:9      | Reached skill level 9 in Fighting
  6574 | D:9      | Noticed Prince Ribbit
  6583 | D:9      | Killed Prince Ribbit
  6747 | D:9      | Reached **** piety under Makhleb
  6847 | D:9      | Noticed Harold
  6870 | D:9      | Killed Harold
  6908 | D:9      | Found a sparkling altar of Nemelex Xobeh.
  7081 | D:9      | Found a blossoming altar of Fedhas.
  7231 | D:10     | Entered Level 10 of the Dungeon
  7477 | D:10     | Reached XP level 11. HP: 99/99 MP: 10/10
  7839 | D:11     | Noticed a brown ugly thing
  7850 | D:11     | Killed a brown ugly thing
  7886 | D:11     | Found a staircase to the Orcish Mines.
  7922 | D:11     | Found a runed translucent door.
  7922 | D:11     | Found a runed translucent door.
  7922 | D:11     | Noticed an eight-headed hydra
  7923 | D:11     | Found a runed translucent door.
  7949 | D:11     | Reached skill level 10 in Fighting
  8006 | D:11     | Reached skill level 10 in Armour
  8006 | D:11     | Reached skill level 10 in Shields
  8076 | D:11     | Reached ***** piety under Makhleb
  8252 | D:11     | Noticed Urug
  8268 | D:11     | Killed Urug
  8290 | D:11     | Noticed Gastronok
  8314 | D:11     | Killed Gastronok
  8990 | D:12     | Killed an unseen horror
  8991 | D:12     | Reached skill level 11 in Fighting
  9035 | D:12     | Reached XP level 12. HP: 110/110 MP: 11/11
  9260 | D:12     | Noticed a two-headed ogre
  9267 | D:12     | Killed a two-headed ogre
  9512 | D:13     | Noticed a two-headed ogre
  9519 | D:13     | Killed a two-headed ogre
  9520 | D:13     | Reached skill level 15 in Axes
  9724 | D:13     | Noticed a two-headed ogre
  9730 | D:13     | Killed a two-headed ogre
  9828 | D:13     | Noticed a two-headed ogre
  9835 | D:13     | Killed a two-headed ogre
  9836 | D:13     | Reached skill level 12 in Fighting
  9861 | D:13     | Noticed a tengu warrior
  9862 | D:13     | Noticed a tengu warrior
  9867 | D:13     | Killed a tengu warrior
  9877 | D:13     | Killed a tengu warrior
 10173 | D:13     | Noticed a centaur warrior
 10183 | D:13     | Killed a centaur warrior
 10183 | D:13     | Reached ****** piety under Makhleb
 10370 | D:14     | Reached XP level 13. HP: 104/118 MP: 12/12
 10987 | D:14     | Found a gate to the Vaults.
 11193 | D:7      | Bought the +6 chain mail "Muin" {+Blink rPois Will++} for
                  | 855 gold pieces
 11273 | Lair:1   | Entered Level 1 of the Lair of Beasts
 11332 | Lair:1   | Reached skill level 13 in Fighting
 11951 | Lair:2   | Found a runed translucent gate.
 11951 | Lair:2   | Found a runed translucent gate.
 11952 | Lair:2   | Found a runed translucent gate.
 11954 | Lair:2   | Noticed Raspi's ghost (journeyman PaFi)
 11956 | Lair:2   | Found a viscous altar of Jiyva.
 12149 | Lair:2   | Noticed Fannar
 12157 | Lair:2   | Killed Fannar
 12158 | Lair:2   | Reached XP level 14. HP: 129/129 MP: 13/13
 12175 | Lair:2   | Found a staircase to the Shoals.
 12607 | Lair:2   | Found a hole to the Spider Nest.
 12741 | Lair:2   | Reached skill level 1 in Dodging
 12741 | Lair:2   | Reached skill level 1 in Invocations
 12750 | Lair:2   | Killed Raspi's ghost
 13937 | D:15     | Entered Level 15 of the Dungeon
 14050 | D:15     | Found a flickering gateway to a bazaar.
 14067 | Bazaar   | Entered a bazaar
 14067 | Bazaar   | Found Onnoti's Antique Weapon Shoppe.
 14067 | Bazaar   | Found Hunycue's Jewellery Emporium.
 14071 | Bazaar   | Found Yttaalikh's Jewellery Shoppe.
 14085 | Bazaar   | Found Myduofo's Jewellery Emporium.
 14104 | Bazaar   | Bought a glowing war axe for 136 gold pieces
 14221 | D:15     | Found a staircase to the Depths.
 14238 | D:15     | Reached skill level 14 in Fighting
 14948 | Spider:1 | Entered Level 1 of the Spider Nest
 15012 | Spider:1 | Noticed Aizul
 15028 | Spider:1 | Killed Aizul
 15147 | Spider:1 | Reached skill level 5 in Dodging
 15187 | Spider:2 | Reached XP level 15. HP: 139/139 MP: 17/17
 15202 | Spider:2 | Reached skill level 5 in Invocations
 15574 | Spider:4 | Entered Level 4 of the Spider Nest
 15609 | Spider:4 | Killed a ghost moth
 15675 | Spider:4 | Reached skill level 15 in Armour
 15680 | Spider:4 | Reached skill level 15 in Shields
 15682 | Spider:4 | Reached skill level 15 in Fighting
 15963 | Spider:4 | Killed a ghost moth
 15983 | Spider:4 | Killed a ghost moth
 16010 | Spider:4 | Got a gossamer rune of Zot
 16026 | Spider:4 | Reached XP level 16. HP: 149/149 MP: 6/20
 16179 | Shoals:1 | Entered Level 1 of the Shoals
 16479 | Shoals:2 | Noticed Roxanne
 16490 | Shoals:2 | HP: 7/149 [Roxanne/crystal spear (81)]
 17065 | Shoals:2 | Found Lamarchupp's General Store.
 17135 | Shoals:2 | Found Wiacoe's Assorted Antiques.
 17146 | Shoals:2 | Reached skill level 16 in Fighting
 17633 | Shoals:3 | Found a frozen archway.
 17645 | IceCv    | Entered an ice cave
 17815 | IceCv    | Identified the amulet of Yraem {Inacc rC+} (You found it in
                  | an ice cave)
 17932 | Shoals:4 | Entered Level 4 of the Shoals
 17932 | Shoals:4 | Found a bloodstained altar of Trog.
 18240 | Shoals:4 | Reached XP level 17. HP: 93/159 MP: 22/22
 18373 | Shoals:4 | Reached skill level 10 in Dodging
 18373 | Shoals:4 | Noticed Polyphemus
 18381 | Shoals:4 | Killed Polyphemus
 18421 | Shoals:4 | Got a barnacled rune of Zot
 18819 | Depths:1 | Entered Level 1 of the Depths
 18957 | Depths:2 | Found Ehaneq's Assorted Antiques.
 18957 | Depths:2 | Found Gyenoowo's Jewellery Shoppe.
 18961 | Depths:2 | Reached skill level 10 in Invocations
 18969 | Depths:2 | Found Unwipuin's Assorted Antiques.
 18973 | Depths:2 | Found Fiuryhypn's Weapon Shoppe.
 18976 | Depths:2 | Bought a scroll of enchant weapon for 210 gold pieces
 18976 | Depths:2 | Bought a scroll of blinking for 210 gold pieces
 19030 | Depths:4 | Noticed a quicksilver dragon
 19041 | Depths:4 | Killed a quicksilver dragon
 19042 | Depths:4 | Reached skill level 17 in Fighting
 19242 | Depths:5 | Entered Level 5 of the Depths
 19274 | Depths:5 | Found a one-way gate to the infinite horrors of the Abyss.
 19435 | Depths:5 | Noticed a golden dragon
 19443 | Depths:5 | Killed a golden dragon
 19444 | Depths:5 | Reached XP level 18. HP: 170/170 MP: 24/24
 19555 | Depths:5 | Found a gateway to Hell.
 19647 | Depths:5 | Found a gate to the Realm of Zot.
 19647 | Depths:5 | Noticed a bone dragon
 19666 | Depths:5 | Killed a bone dragon
 19840 | Depths:1 | Reached skill level 18 in Fighting
 19914 | Vaults:1 | Entered Level 1 of the Vaults
 20533 | Vaults:2 | Found a flickering gateway to a bazaar.
 20563 | Bazaar   | Entered a bazaar
 20577 | Bazaar   | Found Ledo's General Store.
 20577 | Bazaar   | Found Qaepnaha's Weapon Emporium.
 20598 | Bazaar   | Found Qyrph's Weapon Shoppe.
 20598 | Bazaar   | Found Giwuwim's Jewellery Emporium.
 20904 | Vaults:2 | Reached skill level 19 in Fighting
 20977 | Vaults:3 | Reached XP level 19. HP: 182/182 MP: 26/26
 21538 | Vaults:5 | Entered Level 5 of the Vaults
 21557 | Vaults:5 | Reached skill level 20 in Fighting
 21618 | Vaults:5 | Found Tusteobu's Distillery.
 21633 | Vaults:5 | Reached XP level 20. HP: 195/195 MP: 28/28
 21658 | Vaults:5 | Bought a potion of cancellation for 120 gold pieces
 21658 | Vaults:5 | Bought a potion of curing for 45 gold pieces
 21658 | Vaults:5 | Bought a potion of curing for 45 gold pieces
 21658 | Vaults:5 | Bought a potion of curing for 45 gold pieces
 21723 | Vaults:5 | Noticed a golden dragon
 21725 | Vaults:5 | Noticed a golden dragon
 21747 | Vaults:5 | Killed a golden dragon
 21750 | Vaults:5 | Killed a golden dragon
 21762 | Vaults:5 | Reached skill level 21 in Fighting
 22144 | Vaults:5 | Identified the +13 chain mail "Kesiw" {Dex+5} (You found it
                  | on level 5 of the Vaults)
 22157 | Vaults:5 | Identified the cursed +0 plate armour of Hiasuhykh {Rampage
                  | rF+++ MP-9 Str-5} (You found it on level 5 of the Vaults)
 22321 | Vaults:5 | Got a silver rune of Zot
 23664 | Zot:1    | Entered Level 1 of the Realm of Zot
 23687 | Zot:1    | Reached XP level 21. HP: 201/206 MP: 29/29
 23732 | Zot:2    | Noticed a curse toe
 23737 | Zot:2    | Killed a curse toe
 23738 | Zot:2    | Reached skill level 22 in Fighting
 23759 | Zot:3    | Noticed a golden dragon
 23771 | Zot:3    | Killed a golden dragon
 23807 | Zot:3    | Reached skill level 23 in Fighting
 23855 | Zot:3    | Noticed an orb of fire
 23878 | Zot:3    | Gained mutation: You are frail. (-10% HP) [an orb of fire]
 23881 | Zot:3    | Killed an orb of fire
 23886 | Zot:4    | Noticed a Killer Klown
 23898 | Zot:4    | Killed a Killer Klown
 23904 | Zot:5    | Entered Level 5 of the Realm of Zot
 23911 | Zot:5    | Noticed a golden dragon
 23925 | Zot:5    | Killed a golden dragon
 23926 | Zot:5    | Reached skill level 24 in Fighting
 23934 | Zot:5    | Noticed an orb of fire
 23954 | Zot:5    | Gained mutation: Armour fits poorly on your strangely
                  | shaped body. [an orb of fire]
 23957 | Zot:5    | Killed an orb of fire
 24521 | Zot:5    | Noticed an ancient lich
 24521 | Zot:5    | Noticed an orb of fire
 24522 | Zot:5    | Noticed a Killer Klown
 24522 | Zot:5    | Noticed an ancient lich
 24522 | Zot:5    | Noticed an orb of fire
 24523 | Zot:5    | Noticed an orb of fire
 24530 | Zot:5    | Noticed a Killer Klown
 24530 | Zot:5    | Noticed an orb of fire
 24530 | Zot:5    | Noticed a Killer Klown
 24531 | Zot:5    | Noticed an ancient lich
 24531 | Zot:5    | Noticed a Killer Klown
 24554 | Zot:5    | Slain by an Orb Guardian

Illustrated notes

Levels and vault maps discovered:
D:1:      nicolae_arrival_memento_mori, layout_rooms,
          wad_floor_pattern_untrapped
D:2:      layout_loops_ring, uniq_terence
D:3:      layout_basic, lemuel_old_faithful, uniq_sigmund
D:4:      layout_layer_cave, chequers_temple_overflow_statue_of_worship,
          minmay_temple_entry_steel_oval,
          nicolae_dithmenos_through_a_glass_darkly
D:5:      layout_basic, lemuel_coloured_pillars_altar, kennysheep_little_box
D:6:      cheibrodos_barr_body, layout_cave_pods, old_standard_altar,
          gup_sewer_entry_bubbles
D:7:      layout_basic, marbit_many_paths, okawaru_gym_becter, serial_shops,
          shop, nicolae_shop_temple_entry_statues_fountains, shop,
          nicolae_shop_stone
D:8:      layout_loops_ring, overflow_temple_1_default, david_lair_shrubbed
D:9:      layout_irregular_city, lemuel_crystal_altar, general_overflow_altar,
          hangedman_abyss_or_decor_lesser_grid, kennysheep_boxes,
          uniq_prince_ribbit1, uniq_harold
D:10:     layout_long_grid, evilmike_minifort
D:11:     minmay_the_grid_triangle_9x9_rhombus_thin
          [minmay_the_grid_triangle_9x9_wacky_v,
          minmay_the_grid_triangle_9x9_prize_special,
          minmay_the_grid_triangle_9x9_fully_insulated_deathbox,
          minmay_the_grid_triangle_9x9_zippers_horizontal], layout_gridville,
          lemuel_nasty_fountain, uniq_gastronok, uniq_urug
D:12:     layout_roguey
D:13:     layout_irregular_city
D:14:     layout_cave_pools, hangedman_vaults_entry_quadrant_bands
D:15:     hangedman_depths_entry_try_elsewhere_first, layout_irregular_city,
          grunt_decor_one_mirror, serial_shops, bzr_entry_water
Lair:1:   layout_chaotic_city, st_stairs_6, lemuel_fruit_tree,
          grunt_megastairs_2
Lair:2:   layout_roguey, minmay_shoals_entry_centaurs,
          spider_nest_entry_funnel_web, gammafunk_ghost_ooze,
          serial_bayou_crossing, infiniplex_staircase_pool_2, uniq_fannar
Lair:3:   lemuel_reptile_caves, layout_gridlike,
          nicolae_lair_grove_arrangements, zaba_anthell
Shoals:1: layout_shoals, nzn_prometheus_bound
Shoals:2: layout_shoals, serial_shops,
          nicolae_shop_temple_entry_statues_fountains, nicolae_shop_stone,
          uniq_roxanne
Shoals:3: layout_shoals, portal_ice_cave_entry_dragon
Shoals:4: shoals_end_hangedman, layout_shoals, hangedman_feature_mirror,
          uniq_polyphemus
Spider:1: layout_spider_delve, uniq_aizul
Spider:2: layout_spider_delve, uniq_asterion
Spider:3: layout_chambers, guppyfry_spider_mini_2
Spider:4: grunt_spider_rune_circles
Vaults:1: nicolae_vaults_asterisk, dpeg_vaults_monster_box,
          nicolae_vaults_little_squares_4, v_misc_12,
          nicolae_vaults_stairing_the_circle, vaults_mumra_hex,
          nicolae_vaults_mini_display_case, nicolae_vaults_diagonal_hallway_8,
          hangedman_vaults_maws, vaults_room_guarded_vault,
          vaults_mumra_chevron, nicolae_vaults_little_squares_1,
          layout_vaults_big_room
Vaults:2: hangedman_vaults_stitches, v_alt_pattern_3, hangedman_vaults_stream,
          v_alt_pattern_3, nicolae_vaults_asterisk,
          ontoclasm_vaults_loading_screen, grunt_vaults_hallway_short,
          nicolae_vaults_windows_and_doors_thing, v_misc_16,
          vaults_room_hallway, nicolae_vaults_shelves_hall,
          nicolae_vaults_little_squares_6, nicolae_vaults_what_the_h,
          ontoclasm_vaults_eye, layout_vaults_ring, serial_shops,
          bzr_entry_dummy
Vaults:3: grunt_vaults_diagonal, v_misc_31, nicolae_vaults_three_branches,
          nicolae_vaults_network_quincunx
          [nicolae_vaults_network_quincunx_subvault,
          nicolae_vaults_network_quincunx_subvault,
          nicolae_vaults_network_quincunx_subvault,
          nicolae_vaults_network_quincunx_subvault,
          nicolae_vaults_network_quincunx_subvault], ontoclasm_vaults_ligature,
          nicolae_vaults_back_hallway, vaults_room_fours,
          nicolae_vaults_twisting_passages, v_misc_11,
          minmay_crypt_entry_nasty_monster, v_misc_23, layout_vaults_maze_bifur,
          serial_shops, shop
Vaults:4: v_misc_28, hangedman_vaults_trim, nicolae_vaults_rhombus_6, v_misc_14,
          v_misc_27, nicolae_vaults_yaktaur_gun_rack, layout_vaults_omnigrid,
          serial_shops, nicolae_shop_crystal, shop
Vaults:5
Depths:1: layout_gridville, corexii_corridor_pit, hell_entry,
          rand_demon_pan_entry_3, st_stairs_6, kennysheep_generic_room_3
Depths:2: grunt_twist_and_shout, layout_twisted_cross, hell_entry,
          gammafunk_ghost_wrathful_warriors, minmay_shoptagon, uniq_sojobo
Depths:3: minmay_octagon_city, layout_gridlike, rand_demon_pan_entry_8,
          chequers_serial_rivers_micro_d, hell_entry
Depths:4: little_maze_vault, layout_cross, enter_ziggurat_c, hellmouth_3,
          minmay_misc_feat_tower, abyss_entry_flame_altar, pan_entry,
          serial_bayou_shore_b, minmay_staircase_bubble, grunt_megastairs_3
Depths:5: grunt_zot_entry_funnels, layout_gridlike, grunt_mini_vestibule,
          abyss_entry, serial_sigils_hangedman_writhe,
          infiniplex_staircase_pool_lava
Zot:1:    layout_misc_corridors, grunt_ministairs_5
Zot:2:    layout_concentric_octagons
Zot:3:    layout_onion_interference, hangedman_zot_diagonal_lockstep
Zot:4:    layout_gridlike
Zot:5:    layout_basic

Skill      XL: |  1  2  3  4  5  6  7  8  9 10 11 12 13 14 15 16 17 18 19 20 21 |
---------------+----------------------------------------------------------------+-----
Axes           | 3 5 6 7 9 11 12 14 16 17 | 17.6
Fighting       | 4 5 6 7 8 9 11 12 13 14 15 16 17 19 20 21 24 | 24.9
Shields        | 4 5 6 7 8 9 11 12 13 14 15 16 17 18 19 | 19.6
Armour         | 4 5 6 7 8 9 11 12 13 14 15 16 17 18 19 | 19.6
Dodging        | 5 7 9 11 12 13 14 | 14.5
Invocations    | 4 7 9 10 11 12 | 12.0

Action                   |  1- 3 |  4- 6 |  7- 9 | 10-12 | 13-15 | 16-18 | 19-21 || total
-------------------------+-------+-------+-------+-------+-------+-------+-------++-------
Melee: War axe           |    75 |    89 |   210 |   471 |   777 |  1070 |   765 ||  3457
       Headbutt          |    11 |    20 |    43 |   108 |   193 |   292 |   238 ||   905
Invok: Lesser Servant of |       |       |       |       |     7 |       |     1 ||     8
Evoke: Wand              |       |       |       |     1 |     2 |     4 |     7 ||    14
       Condenser vane    |       |       |       |       |       |     1 |     1 ||     2
  Use: Scroll            |       |       |    14 |     8 |    14 |     6 |    17 ||    59
       Potion            |       |       |       |     1 |     4 |     4 |    14 ||    23
 Stab: Distracted        |       |       |       |       |     2 |     1 |     1 ||     4
       Held in net/web   |       |       |       |       |     1 |       |       ||     1
       Confused          |       |       |       |       |       |     7 |       ||     7
Armor: Scale mail        |     8 |       |       |       |       |       |       ||     8
       Chain mail        |    22 |    52 |    82 |   156 |   273 |   307 |   270 ||  1162
Dodge: Dodged            |    17 |    12 |    47 |   170 |   315 |   359 |   235 ||  1155
Block: Kite shield       |    34 |    32 |    97 |   159 |       |       |       ||   322
       Tower shield      |       |       |       |   167 |   727 |  1088 |   876 ||  2858
